[Event "XX Sant Marti Open 2018"]
[Site "Sant Marti"]
[Date "2018.07.13"]
[Round "1"]
[White "Quesada Perez, Yasser"]
[Black "Borrellas Comellas, Josep"]
[Result "1-0"]
[ECO "C48"]
[WhiteElo "2531"]
[BlackElo "2080"]
[Annotator "ChessBase"]
[PlyCount "83"]
[EventDate "2018.07.13"]
[EventType "swiss"]
[EventCountry "ESP"]
[SourceTitle "playchess.com"]
[Source "ChessBase"]
[SourceQuality "1"]
[TimeControl "5400+30"]

1. e4 e5 2. Nf3 Nc6 3. Nc3 Nf6 4. Bb5 d6 5. d4 exd4 6. Nxd4 Bd7 7. O-O Be7 8. Bxc6 bxc6 9. Qf3 c5 10. Nf5 Bxf5 11. exf5 O-O 12. Bg5 h6 13. Bh4 Nd7 14. Bxe7 Qxe7 15. Nd5 Qd8 16. Rfe1 Nf6 17. Ne7+ Kh8 18. Re3 Re8 19. Rae1 Qd7 20. g4 Ng8 21. Qd5 Rf8 22. g5 hxg5 23. Rh3+ Nh6 24. Qg2 f6 25. Ng6+ Kh7 26. Nxf8+ Rxf8 27. Qe4 Rf7 28. Qe8 g4 29. Qxd7 Rxd7 30. Ra3 Nxf5 31. Rxa7 Nd4 32. Rd1 Nxc2 33. a4 Nb4 34. a5 Nc6 35. Ra8 Nd4 36. a6 c6 37. Ra1 Nb5 38. Rb8 Ra7 39. Rb6 Nd4 40. Rb7 Nb5 41. Rxa7 Nxa7 42. Re1 1-0

[Event "XX Sant Marti Open 2018"]
[Site "Sant Marti"]
[Date "2018.07.13"]
[Round "1"]
[White "Cuartas, Jaime Alexander"]
[Black "Gomez Barrera, Javiera Belen"]
[Result "1-0"]
[ECO "A48"]
[WhiteElo "2508"]
[BlackElo "2063"]
[Annotator "ChessBase"]
[PlyCount "91"]
[EventDate "2018.07.13"]
[EventType "swiss"]
[EventCountry "ESP"]
[SourceTitle "playchess.com"]
[Source "ChessBase"]
[SourceQuality "1"]
[TimeControl "5400+30"]

1. Nf3 Nf6 2. d4 g6 3. Nc3 d5 4. Bf4 Bg7 5. Nb5 Na6 6. e3 c6 7. Nc3 Nc7 8. h3 O-O 9. Be2 Re8 10. O-O b6 11. b4 Bb7 12. Rb1 Ne4 13. Qe1 Nd6 14. a4 f6 15. e4 e5 16. dxe5 fxe5 17. Bg5 Bf6 18. Bxf6 Qxf6 19. Bd3 d4 20. Ne2 Ne6 21. Nd2 c5 22. f3 Rac8 23. Nc4 Nxc4 24. Bxc4 Kg7 25. b5 Rcd8 26. a5 Bc8 27. axb6 axb6 28. Ra1 Nf4 29. Ra7+ Rd7 30. Ra8 Rde7 31. Nxf4 Qxf4 32. Qe2 Qg5 33. Ra3 h5 34. Kh1 h4 35. Rfa1 Be6 36. Ra6 Bxc4 37. Qxc4 Rb8 38. Qd5 Qf6 39. Kg1 Qe6 40. Qxe6 Rxe6 41. Ra7+ Kf6 42. Rh7 Kg5 43. Raa7 Rd8 44. Kf2 Rf6 45. g3 d3 46. f4+ 1-0

[Event "XX Sant Marti Open 2018"]
[Site "Sant Marti"]
[Date "2018.07.13"]
[Round "1"]
[White "Pena Gomez, Manuel"]
[Black "Anustoop Biswas"]
[Result "1/2-1/2"]
[ECO "A00"]
[WhiteElo "2475"]
[BlackElo "2052"]
[Annotator "RC"]
[PlyCount "90"]
[EventDate "2018.07.13"]
[EventType "swiss"]
[EventCountry "ESP"]
[SourceTitle "playchess.com"]
[Source "ChessBase"]
[SourceQuality "1"]
[TimeControl "5400+30"]

1. g3 d5 2. Bg2 Nf6 3. c4 c6 4. Nf3 dxc4 5. O-O Nbd7 6. a4 a5 7. b3 cxb3 8. Qxb3 e6 9. d4 Be7 10. Nbd2 O-O 11. Nc4 Nd5 12. Bd2 b6 13. Rfc1 Nb8 14. Nfe5 Ba6 15. Rab1 Bb4 16. Bxb4 Nxb4 17. Nd3 Qxd4 18. Nxb4 axb4 19. Qxb4 b5 20. e3 Qa7 21. axb5 Bxb5 22. Nd6 Bd3 23. Rb3 Bg6 24. h4 h6 25. Bf3 Qa5 26. Kg2 Nd7 27. Bxc6 Qxb4 28. Rxb4 Ra6 29. Rd4 Ne5 30. Bb7 Ra2 31. Nc8 Kh7 32. Ne7 Bh5 33. Rc5 f6 34. Be4+ Kh8 35. Rd6 Bf7 36. Rc2 Rxc2 37. Bxc2 Re8 38. Nc6 Nxc6 39. Rxc6 e5 40. Rc5 Rd8 41. Be4 Kg8 42. g4 Be6 43. g5 hxg5 44. hxg5 Kf7 45. Kg3 Rd1 1/2-1/2

[Event "XX Sant Marti Open 2018"]
[Site "Sant Marti"]
[Date "2018.07.13"]
[Round "1"]
[White "Jaeel Atharva"]
[Black "Krysa, Leandro"]
[Result "0-1"]
[ECO "D41"]
[WhiteElo "2083"]
[BlackElo "2533"]
[Annotator "ChessBase"]
[PlyCount "66"]
[EventDate "2018.07.13"]
[EventType "swiss"]
[EventCountry "ESP"]
[SourceTitle "playchess.com"]
[Source "ChessBase"]
[SourceQuality "1"]
[TimeControl "5400+30"]

1. d4 Nf6 2. c4 e6 3. Nf3 d5 4. Nc3 c5 5. cxd5 Nxd5 6. e4 Nxc3 7. bxc3 cxd4 8. cxd4 Bb4+ 9. Bd2 Bxd2+ 10. Qxd2 O-O 11. Bc4 Nd7 12. O-O b6 13. a4 Bb7 14. Rfe1 Rb8 15. d5 Nc5 16. Rad1 exd5 17. Bxd5 Qf6 18. Qa2 h6 19. h3 Rfe8 20. e5 Bxd5 21. Rxd5 Qc6 22. a5 Red8 23. Red1 Rxd5 24. Rxd5 Ne4 25. Rd3 bxa5 26. Nd2 a4 27. Nxe4 Qxe4 28. Rd7 Qe1+ 29. Kh2 Qxe5+ 30. g3 Qf6 31. Qe2 g6 32. Rd2 a3 33. Qe3 Rb2 0-1

[Event "XX Sant Marti Open 2018"]
[Site "Sant Marti"]
[Date "2018.07.13"]
[Round "1"]
[White "Guix Torres, David"]
[Black "Munoz, Miguel"]
[Result "0-1"]
[ECO "A46"]
[WhiteElo "2059"]
[BlackElo "2500"]
[Annotator "RC"]
[PlyCount "72"]
[EventDate "2018.07.13"]
[EventType "swiss"]
[EventCountry "ESP"]
[SourceTitle "playchess.com"]
[Source "ChessBase"]
[SourceQuality "1"]
[TimeControl "5400+30"]

1. d4 Nf6 2. Nf3 c5 3. e3 g6 4. Be2 Bg7 5. O-O O-O 6. dxc5 Qa5 7. a3 Qxc5 8. b4 Qc7 9. Bb2 d5 10. Nbd2 Bg4 11. Rc1 Rd8 12. c4 Nc6 13. b5 Bxf3 14. Bxf3 Ne5 15. cxd5 Nxf3+ 16. Nxf3 Qd7 17. Qe2 Qxd5 18. Bd4 Ne4 19. Qb2 Bxd4 20. Qxd4 Qxd4 21. Nxd4 Rac8 22. g3 Nc3 23. Rc2 e5 24. Nf3 Nxb5 25. Rb2 Rd5 26. Rfb1 Nxa3 27. Ra1 Nb5 28. Ng5 a6 29. Kg2 Rc4 30. h4 Kg7 31. Nf3 Rc6 32. Ra5 f6 33. Ra1 Nd6 34. Rab1 b5 35. Ra2 Nc4 36. Rc2 Nxe3+ 0-1

[Event "XX Sant Marti Open 2018"]
[Site "Sant Marti"]
[Date "2018.07.15"]
[Round "3"]
[White "Martinez Alcantara, Jose Eduardo"]
[Black "Valenzuela Gomez, Fernando"]
[Result "1-0"]
[ECO "B90"]
[WhiteElo "2545"]
[BlackElo "2389"]
[Annotator "ChessBase"]
[PlyCount "109"]
[EventDate "2018.07.13"]
[EventType "swiss"]
[EventCountry "ESP"]
[SourceTitle "playchess.com"]
[Source "ChessBase"]
[SourceQuality "1"]
[TimeControl "5400+30"]

1. e4 c5 2. Nf3 d6 3. d4 cxd4 4. Nxd4 Nf6 5. Nc3 a6 6. f3 h5 7. Be3 e6 8. Qd2 Be7 9. Bc4 b5 10. Bb3 Bd7 11. a4 Nc6 12. axb5 Nxd4 13. Qxd4 axb5 14. O-O O-O 15. Qd3 Rxa1 16. Rxa1 Qb8 17. Ne2 Rd8 18. Nf4 d5 19. exd5 e5 20. d6 Bxd6 21. Nd5 Nxd5 22. Bxd5 e4 23. fxe4 Bxh2+ 24. Kh1 Be5 25. Qb3 Qd6 26. Bxf7+ Kh7 27. Bg5 Be6 28. Qd3 Bc4 29. Qf3 Bxf7 30. Bxd8 Bg6 31. Rd1 Qb4 32. b3 Qa3 33. Bg5 Qa8 34. Bf4 Bb2 35. Kh2 Qe8 36. Re1 b4 37. Re2 Qe7 38. g3 Qe6 39. Bd2 Qe7 40. c3 bxc3 41. Bxc3 Bc1 42. Bd2 Ba3 43. b4 Bxb4 44. Bxb4 Qxb4 45. e5 Qe7 46. e6 Be8 47. Qe4+ Kh6 48. Qh4 Qc5 49. Qf4+ Kh7 50. e7 Qb5 51. Qe4+ Kh6 52. Rd2 Qa6 53. Rd8 Qb5 54. Rxe8 Qxe8 55. Qf4+ 1-0

[Event "XX Sant Marti Open 2018"]
[Site "Sant Marti"]
[Date "2018.07.15"]
[Round "3"]
[White "Quesada Perez, Yasser"]
[Black "Gonzales, Jayson"]
[Result "1-0"]
[ECO "B00"]
[WhiteElo "2531"]
[BlackElo "2367"]
[Annotator "ChessBase"]
[PlyCount "115"]
[EventDate "2018.07.13"]
[EventType "swiss"]
[EventCountry "ESP"]
[SourceTitle "playchess.com"]
[Source "ChessBase"]
[SourceQuality "1"]
[TimeControl "5400+30"]

1. e4 d6 2. d4 Nf6 3. Bd3 e5 4. c3 d5 5. dxe5 Nxe4 6. Nf3 Nc6 7. O-O Bg4 8. Nbd2 Nc5 9. Bb1 d4 10. h3 Bh5 11. Qe2 Qd5 12. Rd1 d3 13. Qe3 O-O-O 14. Re1 f6 15. b4 Na4 16. c4 Qe6 17. a3 Bg6 18. Ba2 Nc3 19. Bb2 Nxa2 20. Rxa2 Nxe5 21. Nxe5 fxe5 22. Qxa7 Qa6 23. Qxa6 bxa6 24. Bxe5 Rg8 25. c5 Bf7 26. Raa1 g5 27. f3 h5 28. g4 Rd5 29. Bc3 hxg4 30. hxg4 Rg6 31. Kf2 Rd8 32. Rad1 Be8 33. Ne4 Bb5 34. Rh1 Bh6 35. Ke3 Kb7 36. Rd2 Re8 37. Rdh2 Ree6 38. Kd2 Kc6 39. Ng3 Bg7 40. Bxg7 Rxg7 41. Rh6 Rxh6 42. Rxh6+ Kd5 43. Nf5 Rf7 44. a4 Bxa4 45. Kxd3 Bb5+ 46. Kc3 Ke5 47. Nd4 Rd7 48. Re6+ Kf4 49. Re4+ Kg3 50. Re5 Kh4 51. Rf5 Bf1 52. c6 Re7 53. Kd2 Bg2 54. Rd5 Rf7 55. Rd7 Rxf3 56. Nxf3+ Bxf3 57. Rxc7 Kxg4 58. Ke3 1-0

[Event "XX Sant Marti Open 2018"]
[Site "Sant Marti"]
[Date "2018.07.16"]
[Round "4"]
[White "Aguero Jimenez, Luis Lazaro"]
[Black "Martinez Alcantara, Jose Eduardo"]
[Result "1/2-1/2"]
[ECO "B90"]
[WhiteElo "2473"]
[BlackElo "2545"]
[Annotator "RC"]
[PlyCount "55"]
[EventDate "2018.07.13"]
[EventType "swiss"]
[EventCountry "ESP"]
[SourceTitle "playchess.com"]
[Source "ChessBase"]
[SourceQuality "1"]
[TimeControl "5400+30"]

1. e4 c5 2. Nf3 d6 3. d4 Nf6 4. Nc3 cxd4 5. Nxd4 a6 6. a4 g6 7. Be2 Bg7 8. O-O Nc6 9. Be3 O-O 10. Kh1 Nxd4 11. Bxd4 Be6 12. f4 Rc8 13. b3 Qa5 14. f5 Bd7 15. Bxf6 Bxf6 16. Nd5 Bc6 17. Nxf6+ exf6 18. fxg6 hxg6 19. Qxd6 Bxe4 20. Qxf6 Rxc2 21. Bf3 Bxf3 22. Rxf3 Qd2 23. Rg1 Rc1 24. Rxc1 Qxc1+ 25. Rf1 Qe3 26. Rf3 Qe1+ 27. Rf1 Qe3 28. Rf3 1/2-1/2

[Event "XX Sant Marti Open 2018"]
[Site "Sant Marti"]
[Date "2018.07.16"]
[Round "4"]
[White "Neelash Saha"]
[Black "Oliva Castaneda, Kevel"]
[Result "1/2-1/2"]
[ECO "A45"]
[WhiteElo "2319"]
[BlackElo "2491"]
[Annotator "ChessBase"]
[PlyCount "30"]
[EventDate "2018.07.13"]
[EventType "swiss"]
[EventCountry "ESP"]
[SourceTitle "playchess.com"]
[Source "ChessBase"]
[SourceQuality "1"]
[TimeControl "5400+30"]

1. d4 Nf6 2. Bg5 Ne4 3. Bf4 d5 4. e3 c5 5. Bd3 Nf6 6. c3 g6 7. Nd2 Bg7 8. h3 O-O 9. Ngf3 Nc6 10. O-O Nd7 11. Bb5 Qb6 12. Qa4 a6 13. Bxc6 bxc6 14. b4 c4 15. e4 Re8 1/2-1/2

[Event "XX Sant Marti Open 2018"]
[Site "Sant Marti"]
[Date "2018.07.16"]
[Round "4"]
[White "Cruz, Filemon"]
[Black "Cuartas, Jaime Alexander"]
[Result "0-1"]
[ECO "A06"]
[WhiteElo "2314"]
[BlackElo "2508"]
[Annotator "ChessBase"]
[PlyCount "105"]
[EventDate "2018.07.13"]
[EventType "swiss"]
[EventCountry "ESP"]
[SourceTitle "playchess.com"]
[Source "ChessBase"]
[SourceQuality "1"]
[TimeControl "5400+30"]

1. Nf3 d5 2. c4 c6 3. e3 Nf6 4. d4 Bg4 5. Qb3 Qb6 6. Ne5 e6 7. Nxg4 Nxg4 8. Be2 Nf6 9. Nc3 Nbd7 10. Bd2 Be7 11. Qc2 O-O 12. cxd5 exd5 13. O-O Rfe8 14. b4 a6 15. Na4 Qc7 16. Nc5 Bd6 17. g3 Ne4 18. Nxe4 dxe4 19. a4 Nf6 20. b5 axb5 21. axb5 c5 22. dxc5 Qxc5 23. Qb3 Qf5 24. Bc3 Be5 25. Rfd1 Rxa1 26. Rxa1 h5 27. Bxe5 Qxe5 28. Ra7 Re7 29. b6 Kh7 30. Qb4 Rd7 31. Ra5 Qd6 32. Qxd6 Rxd6 33. Bxh5 g6 34. Be2 Rxb6 35. g4 Rb2 36. Kf1 Ne8 37. Rd5 Rb6 38. Rd7 Nd6 39. g5 Kg7 40. Rd8 Nf5 41. Bg4 Nh4 42. Re8 Nf3 43. h4 Nh2+ 44. Kg2 Nxg4 45. Rxe4 f5 46. Re7+ Kf8 47. Rc7 Rb2 48. Kg3 Nxf2 49. h5 Ne4+ 50. Kf4 Rf2+ 51. Ke5 gxh5 52. g6 b5 53. Kd4 0-1

[Event "XX Sant Marti Open 2018"]
[Site "Sant Marti"]
[Date "2018.07.16"]
[Round "4"]
[White "Lacasta Palacio, Joaquim"]
[Black "Pena Gomez, Manuel"]
[Result "0-1"]
[ECO "A48"]
[WhiteElo "2105"]
[BlackElo "2475"]
[Annotator "ChessBase"]
[PlyCount "45"]
[EventDate "2018.07.13"]
[EventType "swiss"]
[EventCountry "ESP"]
[SourceTitle "playchess.com"]
[Source "ChessBase"]
[SourceQuality "1"]
[TimeControl "5400+30"]

1. Nf3 Nf6 2. d4 g6 3. Bf4 Bg7 4. e3 d6 5. Be2 O-O 6. c3 Nc6 7. h3 Nd7 8. Bh2 e5 9. Nbd2 a6 10. O-O f5 11. b4 Kh8 12. Qb3 Qe7 13. d5 Nd8 14. Rad1 g5 15. Kh1 Nf7 16. Nc4 Nf6 17. Na5 Rg8 18. c4 Bf8 19. Ng1 g4 20. Qb2 Bg7 21. Qc1 Bh6 22. c5 Ne4 23. Bd3 0-1

[Event "XX Sant Marti Open 2018"]
[Site "Sant Marti"]
[Date "2018.07.17"]
[Round "5"]
[White "Iniyan, P."]
[Black "Neelash Saha"]
[Result "0-1"]
[ECO "D38"]
[WhiteElo "2451"]
[BlackElo "2319"]
[Annotator "RC"]
[PlyCount "128"]
[EventDate "2018.07.13"]
[EventType "swiss"]
[EventCountry "ESP"]
[SourceTitle "playchess.com"]
[Source "ChessBase"]
[SourceQuality "1"]
[TimeControl "5400+30"]

1. d4 d5 2. c4 e6 3. Nf3 Nf6 4. Nc3 Bb4 5. e3 O-O 6. Bd3 dxc4 7. Bxc4 a6 8. O-O b5 9. Bd3 Bb7 10. Qe2 c5 11. Rd1 Nbd7 12. a3 Bxc3 13. bxc3 c4 14. Bb1 Ne4 15. Qc2 Qa5 16. Bb2 Nb6 17. Nd2 f5 18. f3 Nf6 19. a4 Nxa4 20. Nxc4 Qc7 21. Rxa4 bxa4 22. Ne5 Nd7 23. Nd3 Bd5 24. Qxa4 a5 25. Re1 Rfb8 26. e4 fxe4 27. fxe4 Bc4 28. Qa1 Rb7 29. Bc1 Rab8 30. Bc2 e5 31. Be3 Bb3 32. Bb1 a4 33. dxe5 Qa5 34. Bd4 a3 35. Ba2 Bxa2 36. Qxa2+ Kh8 37. e6 Nf8 38. Ne5 Qa6 39. Nf7+ Kg8 40. Ng5 Rb2 41. Qd5 R2b5 42. Bc5 Rxc5 43. Qxc5 a2 44. e7 Ne6 45. Qe5 Qb6+ 46. Kh1 Nc7 47. Qf5 Qg6 48. Qf4 Rc8 49. Rf1 Qf6 50. Qc1 Rb8 51. Rd1 Qxe7 52. Qd2 Ra8 53. Ra1 h6 54. Nf3 Qxe4 55. Qb2 Qa4 56. Nd4 Qa3 57. Qxa3 Rxa3 58. Kg1 Nd5 59. Nc2 Ra4 60. c4 Nc3 61. Ne3 Rb4 62. Rf1 Rb2 63. c5 Ne2+ 64. Kf2 Nc1+ 0-1

[Event "XX Sant Marti Open 2018"]
[Site "Sant Marti"]
[Date "2018.07.17"]
[Round "5"]
[White "Fernandez Cardoso, Alexey"]
[Black "Serarols Mabras, Bernat"]
[Result "1/2-1/2"]
[ECO "B12"]
[WhiteElo "2439"]
[BlackElo "2269"]
[Annotator "ChessBase"]
[PlyCount "86"]
[EventDate "2018.07.13"]
[EventType "swiss"]
[EventCountry "ESP"]
[SourceTitle "playchess.com"]
[Source "ChessBase"]
[SourceQuality "1"]
[TimeControl "5400+30"]

1. e4 c6 2. d4 d5 3. e5 Bf5 4. Nf3 e6 5. Be2 c5 6. O-O Nc6 7. c3 cxd4 8. cxd4 Nge7 9. Nc3 Nc8 10. Be3 Be7 11. Ne1 Bg6 12. f4 h5 13. a3 Nb6 14. Nf3 a6 15. Nd2 Rc8 16. Rf3 Bf5 17. h3 Na5 18. Nf1 Bg6 19. Ng3 Nbc4 20. Bc1 Nc6 21. Kh1 Qb6 22. Bxc4 dxc4 23. d5 exd5 24. f5 Bh7 25. f6 gxf6 26. exf6 Bd6 27. Re3+ Kd7 28. Qxh5 Bg6 29. Qg4+ Kd8 30. Nf5 Ne5 31. Rxe5 Bxe5 32. Ne7 Rc6 33. Ncxd5 Qd4 34. Bf4 Bxf4 35. Nxf4 Qxf6 36. Rd1+ Rd6 37. Qc8+ Kxe7 38. Qc7+ Kf8 39. Rxd6 Qxb2 40. Nxg6+ Kg7 41. Nxh8 Qa1+ 42. Kh2 Qe5+ 43. Kg1 Qe1+ {Ng6} 1/2-1/2

[Event "XX Sant Marti Open 2018"]
[Site "Sant Marti"]
[Date "2018.07.17"]
[Round "5"]
[White "Ruiz Castillo, Joshua Daniel"]
[Black "Vatsal Singhania"]
[Result "1-0"]
[ECO "C11"]
[WhiteElo "2410"]
[BlackElo "2193"]
[Annotator "NA"]
[PlyCount "98"]
[EventDate "2018.07.13"]
[EventType "swiss"]
[EventCountry "ESP"]
[SourceTitle "playchess.com"]
[Source "ChessBase"]
[SourceQuality "1"]
[TimeControl "5400+30"]

1. e4 e6 2. d4 d5 3. Nc3 Nf6 4. e5 Nfd7 5. f4 c5 6. Nf3 Nc6 7. Be3 a6 8. Qd2 cxd4 9. Nxd4 Nxd4 10. Bxd4 Bc5 11. O-O-O O-O 12. Ne2 Qc7 13. Kb1 b5 14. h4 a5 15. Bxc5 Nxc5 16. Nd4 Ba6 17. Qe3 b4 18. Bd3 b3 19. Nxb3 Bxd3 20. Qxc5 Qxc5 21. Nxc5 Bxc2+ 22. Kxc2 Rfc8 23. Kb1 Rxc5 24. Rc1 Rb5 25. h5 Rab8 26. Rc2 h6 27. g3 Kh7 28. Ka1 a4 29. Rd1 R8b7 30. Rd4 a3 31. b3 Rb4 32. Rcd2 g6 33. g4 gxh5 34. gxh5 Rb8 35. Kb1 Rc4 36. R2d3 Rxd4 37. Rxd4 Rg8 38. Kc2 Rg2+ 39. Rd2 Rg4 40. Rf2 Rh4 41. b4 Rxh5 42. Kb3 Rh1 43. Kxa3 h5 44. Rb2 Rc1 45. b5 Rc8 46. b6 d4 47. Kb4 d3 48. a4 h4 49. Rd2 Kg6 1-0

[Event "XX Sant Marti Open 2018"]
[Site "Sant Marti"]
[Date "2018.07.18"]
[Round "6"]
[White "Krysa, Leandro"]
[Black "Mitrabha, Guha"]
[Result "0-1"]
[ECO "A50"]
[WhiteElo "2533"]
[BlackElo "2299"]
[Annotator "ChessBase"]
[PlyCount "42"]
[EventDate "2018.07.13"]
[EventType "swiss"]
[EventCountry "ESP"]
[SourceTitle "playchess.com"]
[Source "ChessBase"]
[SourceQuality "1"]
[TimeControl "5400+30"]

1. d4 Nf6 2. c4 Nc6 3. Nf3 e6 4. g3 Bb4+ 5. Bd2 Qe7 6. e3 Ne4 7. Bg2 Nxd2 8. Nbxd2 Bxd2+ 9. Qxd2 Qb4 10. Qxb4 Nxb4 11. Kd2 a5 12. Kc3 d6 13. Nd2 Nc6 14. b3 Bd7 15. a3 Ke7 16. b4 Ra7 17. b5 Nd8 18. Rab1 b6 19. c5 dxc5 20. dxc5 bxc5 21. a4 h6 0-1

[Event "XX Sant Marti Open 2018"]
[Site "Sant Marti"]
[Date "2018.07.20"]
[Round "8"]
[White "Cori Quispe, Kevin Joel"]
[Black "Vidarte Morales, Arturo"]
[Result "1-0"]
[ECO "B67"]
[WhiteElo "2487"]
[BlackElo "2381"]
[Annotator "ChessBase"]
[PlyCount "95"]
[EventDate "2018.07.13"]
[EventType "swiss"]
[EventCountry "ESP"]
[SourceTitle "playchess.com"]
[Source "ChessBase"]
[SourceQuality "1"]
[TimeControl "5400+30"]

1. e4 c5 2. Nf3 d6 3. d4 cxd4 4. Nxd4 Nf6 5. Nc3 Nc6 6. Bg5 e6 7. Qd2 a6 8. O-O-O Bd7 9. f3 Rc8 10. Nxc6 Bxc6 11. Kb1 h6 12. Be3 h5 13. h4 b5 14. Bg5 Be7 15. Bd3 Qa5 16. Rhe1 Bb7 17. g3 e5 18. Bf1 Rxc3 19. Qxc3 Qxc3 20. bxc3 Nd7 21. c4 b4 22. Bd2 a5 23. c3 bxc3 24. Bxc3 a4 25. c5 Nxc5 26. Bb5+ Kf8 27. Bb4 Ne6 28. Bxa4 Nd4 29. Rd3 Ba6 30. Ra3 g6 31. Bd1 Bc8 32. Ra8 Kg7 33. Re3 Nc6 34. Rc3 Bb7 35. Rxh8 Kxh8 36. a3 f5 37. exf5 gxf5 38. Bc2 e4 39. fxe4 Bf6 40. Rc4 Ne5 41. Rc7 Bxe4 42. Bxd6 Nf3 43. Bf4 Nd4 44. Bxe4 fxe4 45. a4 Ne2 46. a5 Nxf4 47. gxf4 e3 48. Kc2 1-0

[Event "XX Sant Marti Open 2018"]
[Site "Sant Marti"]
[Date "2018.07.20"]
[Round "8"]
[White "Aguero Jimenez, Luis Lazaro"]
[Black "Cuartas, Jaime Alexander"]
[Result "1-0"]
[ECO "C78"]
[WhiteElo "2473"]
[BlackElo "2508"]
[Annotator "ChessBase"]
[PlyCount "81"]
[EventDate "2018.07.13"]
[EventType "swiss"]
[EventCountry "ESP"]
[SourceTitle "playchess.com"]
[Source "ChessBase"]
[SourceQuality "1"]
[TimeControl "5400+30"]

1. e4 e5 2. Nf3 Nc6 3. Bb5 a6 4. Ba4 Nf6 5. O-O b5 6. Bb3 Bb7 7. d3 Bc5 8. a4 O-O 9. Nc3 b4 10. Nd5 Nxd5 11. Bxd5 d6 12. a5 Rb8 13. c3 Ne7 14. Bc4 bxc3 15. bxc3 Ba7 16. Be3 Bxe3 17. fxe3 d5 18. exd5 Nxd5 19. Qd2 Qd6 20. e4 Nf6 21. Qa2 Rbe8 22. Rab1 Bc8 23. Ng5 Be6 24. Nxe6 fxe6 25. Kh1 Kh8 26. Qe2 Qc5 27. Ra1 Ra8 28. Rf3 h6 29. Qe3 Qe7 30. Raf1 Kh7 31. Qe1 Qd6 32. Qh4 Nd7 33. Qg4 Rxf3 34. Rxf3 Rf8 35. Qxe6 Qa3 36. h4 Qc1+ 37. Kh2 Nf6 38. Rxf6 Rxf6 39. Qg8+ Kg6 40. Qe8+ Kh7 41. Bg8+ 1-0

[Event "XX Sant Marti Open 2018"]
[Site "Sant Marti"]
[Date "2018.07.20"]
[Round "8"]
[White "Grafl, Florian"]
[Black "Ruiz Castillo, Joshua Daniel"]
[Result "0-1"]
[ECO "C01"]
[WhiteElo "2364"]
[BlackElo "2410"]
[Annotator "NA"]
[PlyCount "80"]
[EventDate "2018.07.13"]
[EventType "swiss"]
[EventCountry "ESP"]
[SourceTitle "playchess.com"]
[Source "ChessBase"]
[SourceQuality "1"]
[TimeControl "5400+30"]

1. d4 Nf6 2. Nc3 e6 3. e4 d5 4. exd5 exd5 5. Bg5 Be7 6. Bd3 O-O 7. Nge2 c6 8. O-O Bg4 9. f3 Bh5 10. Ng3 Bg6 11. f4 Bxd3 12. Qxd3 Re8 13. Nf5 Bf8 14. Qg3 Kh8 15. Qh4 Nbd7 16. Rf3 Qb6 17. Rh3 Qxb2 18. Rf1 Qxc2 19. g4 Re6 20. Nd1 h6 21. Nde3 Rxe3 22. Nxe3 Qd2 23. Nf5 Ng8 24. Qe1 Qxa2 25. Rf2 Qc4 26. Re2 Bb4 27. Qd1 a5 28. Rc2 Qb5 29. Rb2 Qc4 30. Rc2 Qa6 31. Nxh6 gxh6 32. Bxh6 Nxh6 33. g5 Re8 34. Kg2 Re1 35. Qf3 Bf8 36. Rf2 Qb5 37. Qg4 Qb1 38. Rxh6+ Bxh6 39. Qxd7 Rg1+ 40. Kh3 Qh7 0-1